 Dungeon Crawl Stone Soup version 0.22.0-16-gc6d26f6 (webtiles) character file.

426 shmeve the Chopper (level 6, -1/57 HPs)
             Began as a Minotaur Berserker on Aug 17, 2018.
             Was a Priest of Trog.
             Succumbed to an orc wizard's poison
             ... on level 4 of the Dungeon.
             The game lasted 00:05:44 (2990 turns).

shmeve the Chopper (Minotaur Berserker)             Turns: 2990, Time: 00:05:45

Health: -1/57      AC:  9    Str: 24    XL:     6   Next: 64%
Magic:  5/5        EV:  9    Int:  4    God:    Trog [***...]
Gold:   141        SH:  0    Dex:  9    Spells: 5/5 levels left

rFire    . . .     SeeInvis .   a - +0 hand axe
rCold    . . .     Gourm    .   (no shield)
rNeg     . . .     Faith    .   p - +0 chain mail (curse)
rPois    +         Spirit   .   (helmet restricted)
rElec    .         Reflect  .   (no cloak)
rCorr    +         Harm     .   (no gloves)
MR       ++...                  (no boots)
Stlth    ..........             (no amulet)
HPRegen  1.19/turn              o - ring of poison resistance
MPRegen  0.09/turn              h - ring of resist corrosion

@: lethally poisoned (-1 -> -10), berserk cooldown, regenerating, slowed, very
slow
A: retaliatory headbutt, horns 2
a: Berserk, Trog's Hand, Renounce Religion


You were on level 4 of the Dungeon.
You worshipped Trog.
Trog was most pleased with you.
You were not hungry.

You visited 1 branch of the dungeon, and saw 4 of its levels.

You collected 141 gold pieces.

Inventory:

Hand Weapons
 a - a +0 hand axe (weapon)
Armour
 p - a cursed +0 chain mail (worn)
Jewellery
 h - a ring of resist corrosion (right hand)
 o - a ring of poison resistance (left hand)
Scrolls
 d - 3 scrolls of noise {unknown}
 g - 3 scrolls of identify {unknown}
 i - 2 scrolls of fear {unknown}
 j - 3 scrolls of teleportation {unknown}
 l - a scroll of immolation {unknown}
 n - a scroll of blinking {unknown}
 q - a scroll of amnesia {unknown}
Potions
 b - a potion of haste {unknown}
 e - a potion of lignification {unknown}
 f - a potion of degeneration {unknown}
 k - a potion of heal wounds {unknown}
 m - a potion of resistance {unknown}
 r - a potion of agility {unknown}
 s - a potion of berserk rage {unknown}
Comestibles
 c - 4 rations


   Skills:
 * Level 5.7 Fighting
 * Level 5.7 Axes
 + Level 2.2 Throwing
 + Level 3.9 Armour
 + Level 3.4 Dodging


You had 5 spell levels left.
You didn't know any spells.
Your spell library was empty.

Dungeon Overview and Level Annotations

Branches:
Dungeon (4/15)
 Temple: D:4-7

Altars:
Dithmenos
Gozag
Sif Muna

Shops:
D:3 *


Innate Abilities, Weirdness & Mutations

You reflexively headbutt those who attack you in melee.
You have a pair of horns on your head.


Message History

The scorpion stings you but does no damage.
Something hits you but does no damage. The orc hits you.
* * * LOW HITPOINT WARNING * * *
Your skin crawls.
You feel resistant to hostile enchantments.
You feel somewhat more hungry.
* * * LOW HITPOINT WARNING * * *
You feel very sick.
The scorpion stings you but does no damage.
The orc completely misses you. You furiously retaliate!
You headbutt the orc!
You kill the orc!
Trog accepts your kill. Something hits you but does no damage.
You are more poisoned.
The scorpion stings you.
* * * LOW HITPOINT WARNING * * *
You barely miss the scorpion.
The scorpion is almost dead.
You closely miss something.
You die...

..##.......#
####...#...#
##.###.### #
##.#....# . #..#
#.# ##. #..###.##
####..###........
..)....(†....#.##
..$.....{@.#.#
.≈≈.....s..##..
≈..≈.......# ###
≈..≈..≈≈...≈#
..≈..≈..≈..≈≈#
..≈.⌠≈..≈..≈≈#
.≈..≈⌠.≈...≈≈#
≈..≈..≈..≈≈≈#
.≈≈..≈..≈≈≈##


You could see a scorpion.

Vanquished Creatures
  An ogre (D:4)
  A scorpion (D:4)
  The ghost of sw3dish the Cudgeler, a weakling GrGl (D:3)
  A hound (D:4)
  2 worker ants (D:4)
  9 adders
  5 oozes
  A worm (D:2)
  2 leopard geckos (D:2)
  9 orcs
  4 giant cockroaches
  7 hobgoblins
  4 jackals (D:3)
  2 quokkas (D:2)
  4 bats
  6 frilled lizards
  7 goblins
  4 kobolds
  9 rats
79 creatures vanquished.

Notes
Turn   | Place    | Note
-------+----------+-------------------------------------------
     0 | D:1      | shmeve the Minotaur Berserker began the quest for the Orb.
     0 | D:1      | Reached XP level 1. HP: 19/19 MP: 0/0
   235 | D:1      | Reached XP level 2. HP: 27/27 MP: 1/1
   687 | D:2      | Found a shadowy altar of Dithmenos.
  1101 | D:2      | Reached XP level 3. HP: 33/33 MP: 2/2
  1126 | D:2      | Reached ** piety under Trog
  1371 | D:2      | Reached skill level 1 in Throwing
  1541 | D:2      | Reached XP level 4. HP: 41/41 MP: 3/3
  1937 | D:3      | Found Gozag's Platinum Reserve.
  1962 | D:3      | Found an opulent altar of Gozag.
  2062 | D:3      | Found a runed door.
  2363 | D:3      | Reached XP level 5. HP: 47/47 MP: 4/4
  2574 | D:3      | Noticed sw3dish's ghost (weakling GrGl)
  2582 | D:3      | Killed sw3dish's ghost
  2582 | D:3      | Reached skill level 5 in Fighting
  2582 | D:3      | Reached skill level 5 in Axes
  2698 | D:3      | Found a deep blue altar of Sif Muna.
  2778 | D:4      | Reached XP level 6. HP: 47/56 MP: 5/5
  2970 | D:4      | Reached *** piety under Trog
  2989 | D:4      | HP: 1/57 [scorpion (4)]
  2990 | D:4      | Succumbed to an orc wizard's poison

Skill      XL: |  1  2  3  4  5  6 |
---------------+-------------------+-----
Axes           | 4 5 |  5.7
Fighting       | 4 5 |  5.7
Throwing       | 1 2 |  2.2
Armour         | 3 |  3.9
Dodging        | 3 |  3.4

Action                   |  1- 3 |  4- 6 || total
-------------------------+-------+-------++-------
Melee: Hand axe          |    70 |    95 ||   165
       Headbutt          |    13 |    15 ||    28
Invok: Berserk           |       |     3 ||     3
       Trog's Hand       |       |     1 ||     1
 Stab: Sleeping          |     1 |       ||     1
  Eat: Chunk             |     2 |     5 ||     7
       Ration            |       |     1 ||     1
Armor: Animal skin       |     9 |       ||     9
       Chain mail        |    18 |    88 ||   106
Dodge: Dodged            |    42 |    66 ||   108
